 Dungeon Crawl Stone Soup version 0.18-a0-1078-gebb93d0 (webtiles) character file.

146 ater218 the Changer (level 5, -1/37 HPs)
             Began as a Merfolk Transmuter on Jan 14, 2016.
             Slain by a goblin
             ... wielding a +0 club
             ... led by Robin
              (2 damage)
             ... on level 3 of the Dungeon.
             The game lasted 00:12:01 (2721 turns).

ater218 the Changer (Merfolk Transmuter)            Turns: 2721, Time: 00:12:01

Health: -1/37      AC:  4    Str: 16    XL:     5   Next: 28%
Magic:  8/10       EV: 14    Int: 13    God:
Gold:   147        SH:  0    Dex: 14    Spells: 2 memorised, 6 levels left

rFire  . . .     SeeInvis .       - Unarmed
rCold  . . .     Gourm    .     b - +0 robe
rNeg   . . .     Faith    .     (no shield)
rPois  +         Spirit   .     (no helmet)
rElec  .         Dismiss  .     (no cloak)
rCorr  .         Reflect  .     k - +1 pair of gloves
SustAt .         Harm     .     (no boots)
MR     .....                    i - amulet of magic regeneration
Stlth  +.........               (no ring)
                                l - ring of poison resistance

@: mighty, very slightly contaminated, not resistant to hostile enchantments,
very unstealthy
A: change form in water, swift swim
a: no special abilities


You were on level 3 of the Dungeon.
You were not hungry.

You visited 1 branch of the dungeon, and saw 3 of its levels.

You collected 147 gold pieces.

Inventory:

Hand Weapons
 o - a +3 dagger of draining
Missiles
 a - 36 arrows
Armour
 b - a +0 robe (worn)
 k - a +1 pair of gloves (worn)
Jewellery
 i - an amulet of magic regeneration (around neck)
 l - a ring of poison resistance (left hand)
Scrolls
 d - a scroll of magic mapping {unknown}
 e - a scroll of blinking {unknown}
 p - 2 scrolls of identify {unknown}
Potions
 f - a potion of curing {unknown}
 h - 2 potions of haste {unknown}
 m - a potion of flight
Books
 c - a book of Changes

   Spells                             Type                      Level
   a - Beastly Appendage              Transmutation                1
   b - Sticks to Snakes               Transmutation                2
   c - Spider Form                    Transmutation/Poison         3
   d - Ice Form                       Ice/Transmutation            4
   e - Blade Hands                    Transmutation                5
Comestibles
 j - a meat ration
 n - 2 chunks of flesh


   Skills:
 - Level 1.1 Fighting
 + Level 4.2 Dodging
 - Level 3.2 Unarmed Combat
 * Level 3.3 Spellcasting
 * Level 4.4 Transmutations
 + Level 0.7 Poison Magic


You had 6 spell levels left.
You knew the following spells:

 Your Spells              Type           Power        Failure   Level  Hunger
a - Beastly Appendage     Trmt           ##....       4%          1    #......
b - Spider Form           Trmt/Pois      #.........   28%         3    ###....


Dungeon Overview and Level Annotations

Branches:
Dungeon (3/15)

Altars:
Elyvilon
Fedhas

Annotations:
D:3 Robin


Message History

There are monsters nearby!
Your transformation has ended.
Your +1 pair of gloves unmelds from your body.
Your +0 robe unmelds from your body.
The hobgoblin closely misses you.
The goblin hits you but does no damage. x2
The hobgoblin hits you but does no damage.
Robin hits you with a mace.
* * * LOW HITPOINT WARNING * * *
The goblin barely misses you. The goblin hits you but does no damage.
The giant cockroach waves its antennae.
The hobgoblin hits you with a club.
* * * LOW HITPOINT WARNING * * *
The goblin hits you but does no damage.
The goblin hits you with an uncursed club.
* * * LOW HITPOINT WARNING * * *
The hobgoblin barely misses you. The goblin closely misses you.
The goblin barely misses you. The goblin misses you.
The hobgoblin closely misses you.
The goblin hits you with an uncursed club.
You die...

.≈.≈≈.≈≈≈≈≈≈≈≈.≈≈.≈≈≈≈≈≈.≈.(..≈≈≈
≈≈≈≈≈≈≈≈≈≈≈ ≈≈≈≈≈≈≈≈≈≈≈.....≈≈
≈≈≈≈≈≈≈≈≈≈ ≈≈≈≈≈≈≈≈≈≈..(..≈≈≈
###≈≈≈≈ ≈≈≈≈≈≈≈≈≈≈≈(....≈≈ ####
###################('####
.........# #.)).# ........s+
#....# .......gg#########.(..##
#Kg@g......#......#
#gggg...†..'..(...+
#Kgg)......#......#
.......).#########....##
Kg.......+ #....# .......$.#
#....#
###############################
###≈≈≈≈≈≈≈≈≈≈≈≈≈≈≈≈≈≈≈≈≈≈≈≈≈≈≈≈≈≈
≈≈≈≈≈≈≈≈≈≈≈≈≈≈≈≈≈≈≈≈≈≈≈≈≈≈≈≈≈≈≈≈≈


You could see Robin, a giant cockroach, 5 hobgoblins, 4 goblins and 2 kobolds.

Vanquished Creatures
  A crimson imp (D:2)
  4 adders (D:2)
  An ooze (D:2)
  2 worms (D:2)
  2 giant geckos
  2 orcs
  A ball python (D:1)
  6 giant cockroaches
  11 goblins
  6 hobgoblins
  2 bats (D:1)
  4 giant newts
  9 kobolds
  10 rats
61 creatures vanquished.

Vanquished Creatures (others)
  An orc (D:3)
1 creature vanquished.

Grand Total: 62 creatures vanquished

Notes
Turn   | Place    | Note
--------------------------------------------------------------
     0 | D:1      | ater218 the Merfolk Transmuter began the quest for the Orb.
     0 | D:1      | Reached XP level 1. HP: 15/15 MP: 3/3
   282 | D:1      | Reached XP level 2. HP: 21/21 MP: 3/5
  1193 | D:2      | Reached XP level 3. HP: 26/26 MP: 4/6
  1606 | D:2      | Learned a level 3 spell: Spider Form
  1611 | D:2      | Found a white marble altar of Elyvilon.
  1619 | D:2      | Reached skill level 4 in Transmutations
  1785 | D:2      | Reached XP level 4. HP: 32/32 MP: 6/8
  2173 | D:2      | Reached XP level 5. HP: 34/37 MP: 9/9
  2547 | D:3      | Found a blossoming altar of Fedhas.
  2703 | D:3      | Noticed Robin
  2720 | D:3      | HP: 1/37 [goblin/uncursed club[Robin] (1)]
  2721 | D:3      | Slain by a goblin

Vault maps used:
D:1:      dpeg_arrival_shrine
D:2:      lemuel_crystal_altar
D:3:      minmay_goblin_kobold_castle, marbit_many_paths, uniq_robin

Action                   |  1- 3 |  4- 6 || total
-------------------------+-------+-------++-------
Melee: Unarmed           |   117 |    74 ||   191
 Cast: Beastly Appendage |    20 |       ||    20
       Spider Form       |     5 |    17 ||    22
  Use: Potion            |     3 |     1 ||     4
       Scroll            |       |     4 ||     4
 Stab: Sleeping          |     1 |       ||     1
  Eat: Chunk             |     4 |       ||     4
       Pizza             |       |     1 ||     1
       Bread ration      |       |     1 ||     1
